 Dungeon Crawl Stone Soup version 0.31-a0-1447-g87ca8d402b (webtiles) character file.

Game seed: 7329698948680708863

2434873 RepHenryClay the Annihilator (level 27, 160/160 HPs)
             Began as a Deep Elf Alchemist on Dec 25, 2023.
             Was the Champion of Vehumet.
             Escaped with the Orb
             ... and 5 runes on Dec 28, 2023!
             The game lasted 05:42:58 (105225 turns).

RepHenryClay the Annihilator (Deep Elf Alchemist) Turns: 105225, Time: 05:42:58

Health: 160/160    AC: 17    Str:  5    XL:     27
Magic:  34/46      EV: 36    Int: 40    God:    Vehumet [******]
Gold:   5969       SH:  9    Dex: 27    Spells: 2/60 levels left

rFire   + . .        a - staff of Dust {Int+4 Conj Alchemy}
rCold   + . .        y - +1 buckler {rC+}
rNeg    + . .        A - +3 leather armour {rF+}
rPois   .            c - +4 helmet of Taduviu {rElec Int+3 Stlth+}
rElec   +            F - +1 cloak {Will+}
rCorr   +            V - +1 pair of gloves of Xedaim {rCorr}
SInv    .            q - +1 pair of boots {Stlth+}
Will    +++..        o - amulet of regeneration
Stlth   +++          t - ring "Fyefriola" {rN+ Int+4 Stlth+}
HPRegen 1.26/turn    J - +6 ring of dexterity
MPRegen 0.30/turn

%: no passive effects
@: studying 2 skills
A: no striking features
0: Orb of Zot
}: 5/15 runes: barnacled, slimy, silver, abyssal, gossamer
a: Renounce Religion


You escaped.
You worshipped Vehumet.
Vehumet was exalted by your worship.
You visited 12 branches of the dungeon, and saw 56 of its levels.
You visited the Abyss 2 times.
You also visited: Trove, Sewer, Ossuary, Gauntlet, Ice Cave and Volcano.

You collected 9894 gold pieces.
You spent 3925 gold pieces at shops.

Inventory:

Armour
 c - the +4 helmet of Taduviu (worn) {rElec Int+3 Stlth+}
   (You found it on level 4 of the Vaults)

   Int+3:     It affects your intelligence (+3).
   rElec:     It insulates you from electricity.
   Stlth+:    It makes you more stealthy.
 q - a +1 pair of boots of stealth (worn)
 y - a +1 buckler of cold resistance (worn)
 A - a +3 leather armour of fire resistance (worn)
 F - a +1 cloak of willpower (worn)
 V - the +1 pair of gloves of Xedaim (worn) {rCorr}
   (You found it on level 4 of the Spider Nest)

   rCorr:     It protects you from acid and corrosion.
 Z - a +1 cloak of poison resistance
Magical Staves
 a - the staff of Dust (weapon) {Int+4 Conj Alchemy}
   (You found it on level 5 of the Vaults)

   [staff of conjuration]

   Base accuracy: +5 Base damage: 5 Base attack delay: 1.2 This weapon's minimum
   attack delay (0.6) is reached at skill level 12.
   Int+4:     It affects your intelligence (+4).
   Conj:      It increases the power of your Conjurations spells.
   Alchemy:   It increases the power of your Alchemy spells.
   It falls into the 'Staves' category.
   It is a one-handed weapon.
 b - a staff of fire
 M - the staff "Ariyhadai" {Str+6 Dex+3 Earth}
   (You found it on level 5 of the Pits of Slime)

   [staff of earth]

   Base accuracy: +5 Base damage: 5 Base attack delay: 1.2 This weapon's minimum
   attack delay (0.6) is reached at skill level 12.
   Str+6:     It affects your strength (+6).
   Dex+3:     It affects your dexterity (+3).
   Earth:     It increases the power of your Earth spells.
   It falls into the 'Staves' category.
   It is a one-handed weapon.
Jewellery
 d - the amulet of Racathoc {Reflect rN+ SH+5}
   (You found it in a treasure trove)

   [amulet of reflection]

   Reflect:   It reflects blocked missile attacks.
   rN+:       It protects you from negative energy.
   SH+5:      It affects your SH (+5).
 f - a ring of willpower
 i - the ring "Atau" {rN+ Str+6 Stlth+}
   (You found it on level 5 of the Vaults)

   [ring of strength]

   Str+6:     It affects your strength (+6).
   rN+:       It protects you from negative energy.
   Stlth+:    It makes you more stealthy.
 l - an amulet of reflection
 m - the ring "Ruyr" {rN+ rCorr Str+3}
   (You acquired it on level 5 of the Vaults)

   [ring of resist corrosion]

   Str+3:     It affects your strength (+3).
   rN+:       It protects you from negative energy.
   rCorr:     It protects you from acid and corrosion.
 o - an amulet of regeneration (around neck)
 t - the ring "Fyefriola" (left hand) {rN+ Int+4 Stlth+}
   (You found it on level 4 of the Vaults)

   [ring of positive energy]

   Int+4:     It affects your intelligence (+4).
   rN+:       It protects you from negative energy.
   Stlth+:    It makes you more stealthy.
 J - a +6 ring of dexterity (right hand)
 Q - the ring "Laenis" {Fire rPois}
   (You took it off a vault sentinel on level 4 of the Vaults)

   [ring of fire]

   Fire:      It enhances your fire magic.
   rF+:       It protects you from fire.
   rC-:       It makes you vulnerable to cold.
   rPois:     It protects you from poison
 S - the amulet "Miytetu Baga" {Reflect rF+ Str+2 SH+5 Stlth+}
   (You found it on level 5 of the Vaults)

   [amulet of reflection]

   Reflect:   It reflects blocked missile attacks.
   Str+2:     It affects your strength (+2).
   rF+:       It protects you from fire.
   SH+5:      It affects your SH (+5).
   Stlth+:    It makes you more stealthy.
 U - the ring "Woaf Qott" {rC+ MP+9 Stlth+}
   (You found it on level 5 of the Vaults)

   [ring of magical power]

   rC+:       It protects you from cold.
   MP+9:      It affects your magic capacity (+9).
   Stlth+:    It makes you more stealthy.
 Y - a ring of see invisible
Wands
 e - a wand of digging (3)
 B - a wand of charming (95)
 G - a wand of iceblast (54)
 I - a wand of light (17)
Scrolls
 g - 11 scrolls of poison
 j - 3 scrolls of enchant armour
 n - 6 scrolls of revelation
 s - 3 scrolls of fog
 C - 14 scrolls of immolation
 D - 5 scrolls of amnesia
 H - 7 scrolls of fear
 K - 7 scrolls of summoning
 L - 11 scrolls of teleportation
 P - 7 scrolls of blinking
 T - a scroll of torment
 W - 36 scrolls of identify {@r1}
Potions
 h - 3 potions of resistance
 p - 16 potions of brilliance
 r - 20 potions of curing
 u - 11 potions of enlightenment
 v - 4 potions of haste
 w - 4 potions of cancellation
 x - 16 potions of heal wounds
 z - 7 potions of ambrosia
 E - a potion of invisibility
 N - 3 potions of lignification
 O - 4 potions of magic
 R - 12 potions of might
 X - 11 potions of mutation
Miscellaneous
 k - a lightning rod (4/4)


   Skills:
 + Level 13.0 Fighting
 - Level 6.0 Short Blades
 - Level 12.0 Staves
 O Level 27 Dodging
 - Level 12.0 Stealth
 - Level 10.0 Shields
 - Level 17.0 Spellcasting
 O Level 27 Conjurations
 - Level 8.0 Necromancy
 - Level 5.0 Translocations
 - Level 25.7 Fire Magic
 - Level 5.0 Air Magic
 - Level 12.0 Earth Magic
 - Level 11.0 Alchemy
 - Level 6.0 Evocations


You had 2 spell levels left.
You knew the following spells:

 Your Spells              Type           Power      Damage    Failure   Level
a - Fireball              Conj/Fire      76%        3d28      0%          5
b - Mephitic Cloud        Conj/Alch/Air  100%       N/A       0%          3
c - Iskenderun's Battles  Conj           100%       2d15      0%          5
d - Ignition              Fire           63%        3d17      1%          8
e - Lehudib's Crystal Sp  Conj/Erth      68%        10d16     1%          8
g - Iskenderun's Mystic   Conj/Tloc      100%       2d19      1%          4
i - Freezing Cloud        Conj/Ice/Air   54%        6-21      1%          5
j - Orb of Destruction    Conj           77%        9d17      1%          7
z - Fire Storm            Conj/Fire      76%        8d19      1%          9
Q - Blink                 Tloc           100%       N/A       1%          2
W - Sublimation of Blood  Necr           78%        N/A       1%          2

Your spell library contained the following spells:

 Spells                   Type           Power      Damage    Failure   Level
 Polar Vortex             Ice            17%        12d2*     100%        9
 Kiss of Death            Conj/Necr      100%       2d13      0%          1
 Magic Dart               Conj           100%       1d8       0%          1
 Shock                    Conj/Air       100%       1d9       0%          1
 Sting                    Conj/Alch      100%       1d9       0%          1
 Momentum Strike          Conj/Tloc      100%       3d10      0%          2
 Scorch                   Fire           100%       2d9       0%          2
 Searing Ray              Conj           100%       2d8       0%          2
 Static Discharge         Conj/Air       100%       3-8/arc   0%          2
 Apportation              Tloc           100%       N/A       1%          1
 Necrotise                Necr           100%       1d9       1%          1
 Slow                     Hex            100%       N/A       1%          1
 Summon Small Mammal      Summ           100%       N/A       1%          1
 Cigotuvi's Dreadful Rot  Necr/Alch/Air  100%       N/A       1%          2
 Lesser Beckoning         Tloc           100%       N/A       1%          2
 Mercury Vapours          Alch/Air       100%       N/A       1%          2
 Call Imp                 Summ           68%        N/A       3%          2
 Jinxbite                 Hex            68%        N/A       3%          2
 Volatile Blastmotes      Fire/Tloc      100%       2d18      0%          3
 Brom's Barrelling Bould  Conj/Erth      100%       2d11      0%          4
 Flame Wave               Conj/Fire      100%       2d21      0%          4
 Fulminant Prism          Conj/Alch      80%        3d33      0%          4
 Ignite Poison            Fire/Alch      100%       N/A       0%          4
 Sticky Flame             Fire/Alch      100%       2d15      0%          4
 Irradiate                Conj/Alch      80%        3d38      0%          5
 Starburst                Conj/Fire      76%        6d20      0%          6
 Dazzling Flash           Conj/Hex       100%       N/A       1%          3
 Fugue of the Fallen      Necr           78%        N/A       1%          3
 Gell's Gravitas          Tloc           65%        N/A       1%          3
 Inner Flame              Hex/Fire       95%        N/A       1%          3
 Passwall                 Erth           92%        N/A       1%          3
 Swiftness                Air            65%        N/A       1%          3
 Teleport Other           Tloc           65%        N/A       1%          3
 Vampiric Draining        Necr           78%        2d11      1%          3
 Airstrike                Air            32%        2d(5-21)  1%          4
 Animate Armour           Summ/Erth      100%       N/A       1%          4
 Animate Dead             Necr           78%        N/A       1%          4
 Dispel Undead            Necr           78%        3d26      1%          4
 Leda's Liquefaction      Alch/Erth      56%        N/A       1%          4
 Olgreb's Toxic Radiance  Alch           100%       N/A       1%          4
 Petrify                  Alch/Erth      100%       N/A       1%          4
 Summon Blazeheart Golem  Fire/Summ      95%        N/A       1%          4
 Alistair's Intoxication  Alch           74%        N/A       1%          5
 Arcjolt                  Conj/Air       63%        1d73      1%          5
 Borgnjor's Vile Clutch   Necr/Erth      42%        N/A       1%          5
 Conjure Ball Lightning   Conj/Air       63%        3x3d23    1%          6
 Eringya's Noxious Bog    Alch           55%        4d6       1%          6
 Plasma Beam              Fire/Air       51%        2x1d66    1%          6
 Passage of Golubria      Tloc           65%        N/A       2%          4
 Vhi's Electric Charge    Tloc/Air       100%       N/A       2%          4
 Curse of Agony           Necr           78%        N/A       2%          5
 Anguish                  Hex/Necr       30%        N/A       4%          4
 Martyr's Knell           Necr/Summ      60%        N/A       4%          4
 Call Canine Familiar     Summ           34%        N/A       6%          3
 Confusing Touch          Hex            34%        N/A       6%          3
 Ozocubu's Armour         Ice            34%        N/A       6%          3
 Sigil of Binding         Hex            34%        N/A       6%          3
 Dimensional Bullseye     Hex/Tloc       26%        N/A       8%          4
 Death Channel            Necr           39%        N/A       12%         6
 Silence                  Hex/Air        26%        N/A       21%         5
 Summon Forest            Summ/Tloc      26%        N/A       21%         5
 Dispersal                Tloc           32%        N/A       38%         6
 Metabolic Englaciation   Hex/Ice        17%        N/A       50%         5
 Summon Mana Viper        Hex/Summ       34%        N/A       50%         5
 Summon Cactus Giant      Summ           17%        N/A       97%         6
 Shatter                  Erth           46%        3d35*     97%         9
 Ozocubu's Refrigeration  Ice            17%        4d11      98%         7
 Maxwell's Capacitive Co  Air            32%        ∞         98%         8
 Borgnjor's Revivificati  Necr           39%        N/A       99%         8
 Infestation              Necr           39%        N/A       99%         8
 Summon Hydra             Summ           17%        N/A       100%        7
 Discord                  Hex            17%        N/A       100%        8
 Death's Door             Necr           39%        N/A       100%        9


Dungeon Overview and Level Annotations

Branches:
Dungeon (15/15)            Temple (1/1) D:5            Lair (5/5) D:8
 Shoals (4/4) Lair:2       Spider (4/4) Lair:2        Slime (5/5) Lair:5
    Orc (2/2) D:10            Elf (3/3) Orc:2        Vaults (5/5) D:14
  Crypt (3/3) Vaults:3       Tomb (0/3) Crypt:3      Depths (4/4) D:15
    Zot (5/5) Depths:4      Sewer (visited)         Ossuary (visited)
  IceCv (visited)         Volcano (visited)         Gauntlet (visited)

Altars:
Ashenzari
Cheibriados
Dithmenos
Elyvilon
Fedhas
Gozag
Hepliaklqana
Kikubaaqudgha
Makhleb
Nemelex Xobeh
Okawaru
Qazlal
Ru
Sif Muna
Trog
Uskayaw
Vehumet
Wu Jian
Xom
Yredelemnul
Zin
The Shining One
Jiyva

Shops:
D:1 =   D:5 *   D:12 [   D:14 (   Orc:1 *   Orc:2 ?!([   Elf:1 *   Shoals:1 !
Vaults:5 ?!?

Portals:
Hell: Depths:1 Depths:2 Depths:3 Depths:4
Abyss: D:11 Depths:1 Depths:3
Pandemonium: Depths:1 Depths:2 Depths:3
Ziggurat: Depths:2

Annotations:
Vaults:2 2 transporters, exclusion: orange crystal statue
Zot:1 6 transporters


Message History

You draw magical energy from your own body!
Damage: -3%(-4hp) hp: 92%(147hp)
Casting: Sublimation of Blood (safe; 1% risk of failure)
Confirm with . or Enter, or press ? or * to list all spells.
You draw magical energy from your own body!
Damage: -7%(-11hp) hp: 85%(136hp)
What level of the Dungeon? (default 1, ? - help)
There is a stone staircase leading up here.
You climb upwards.
HP restored.
There is a stone staircase leading down here.
A Tzitzimitl comes into view.
Casting: Sublimation of Blood (safe; 1% risk of failure)
Confirm with . or Enter, or press ? or * to list all spells.
Aiming: Fire Storm (dangerous; 1% risk of failure)
Press: ? - help, Dir - move target You feel a surge of power!
A raging storm of fire appears!
The great blast of fire engulfs the Tzitzimitl!!!
The Tzitzimitl is severely wounded.
The Tzitzimitl is engulfed in blazing flames.
The Tzitzimitl engulfs your fire vortex!
The Tzitzimitl drains your fire vortex's vigour!
Your fire vortex seems to slow down.
The Tzitzimitl bites your fire vortex!
Casting: Fire Storm (dangerous; 1% risk of failure)
Confirm with . or Enter, or press ? or * to list all spells.
Aiming: Fire Storm (dangerous; 1% risk of failure)
Press: ? - help, Dir - move target, f - Tzitzimitl
Aim: a Tzitzimitl (flame, almost dead, ally target)
You feel a surge of power!
A raging storm of fire appears!
The great blast of fire engulfs the Tzitzimitl!!!!
You kill the Tzitzimitl!
Vehumet accepts your kill.
You feel your power returning.
You have mastered Dodging!
You need to enable at least one skill for training.
There is an open door here.
There is a staircase leading out of the dungeon here.
You can't go down here!
Unknown command.
You have escaped!

.#####.##.##.###.......# #.#
.#####.#####...#####...# #.#
.......# #..##≈≈~##..###.#
.#####.#####.##≈~P~≈##.....#
.#####..)...##~~~.~~≈#######
.......######~~P.8.P≈≈#
.####..######~~.....~~##
............8~.......~8##
#####..####.+.P8.@.8P.'.#
#..# ##8~.......~8.##
#####..######~~.....~~#..#
........>...#≈~P.8.P~~##.##
#####..####.##~~~.~~~##.v.#
# #........##≈≈P~≈##.##.# #
#.####....##~≈≈##..##.# #
#.##.......#####...##.# #
#..#.......#...###....#


There were no monsters in sight!

Vanquished Creatures
  the Royal Jelly (Slime:5)
  6 dread liches
  4 orbs of fire (Zot:5)
  4 ancient liches
  A juggernaut (Depths:2)
  Sojobo (Crypt:1)
  Vv (Crypt:1)
  The ghost of SuperJoe the Intangible, a legendary KoHu of Fedhas (Vaults:4)
  A royal mummy (Crypt:3)
  4 Killer Klowns
  Bai Suzhen (Crypt:3)
  5 caustic shrikes
  Saint Roka (Vaults:2)
  2 curse toes
  8 golden dragons
  2 bone dragons
  A shard shrike zombie (Crypt:3)
  The ghost of Zissick the Minotaur Blade, an adept MiBr of Okawaru (Vaults:2)
  A Tzitzimitl (D:1)
  3 electric golems
  13 tentacled monstrosities
  Rupert (Lair:4)
  Zenata (Vaults:1)
  8 liches
  A shard shrike skeleton (Crypt:3)
  26 Orb Guardians
  Mlioglotl (Shoals:1)
  4 quicksilver dragons
  4 titans (Vaults:5)
  Asterion (Vaults:2)
  7 sphinxes
  3 deep elf blademasters
  8 tentacled starspawn
  17 acid blobs
  5 death cobs
  Frances (D:12)
  2 ancient champions
  3 Executioners
  A kraken (Shoals:1)
  Agnes (D:15)
  4 tengu reavers
  9 shadow dragons
  12 azure jellies
  Aizul (Elf:1)
  12 storm dragons
  3 protean progenitors
  3 revenants
  13 rockslimes
  9 fire giants
  4 draconian monks
  8 emperor scorpions
  6 draconian scorchers
  7 deep elf sorcerers
  2 draconian shifters
  18 vault wardens
  2 daevas
  5 frost giants
  5 draconian knights
  An iron dragon (Vaults:5)
  5 ghost moths
  A juggernaut zombie (Crypt:3)
  8 deep elf elementalists (Elf:3)
  2 draconian stormcallers (Zot:2)
  4 caustic shrike zombies (Crypt:3)
  2 spectral caustic shrikes (Depths:4)
  3 curse skulls
  14 ironbound preservers
  4 reapers (Crypt:3)
  6 ghouls (Crypt:2)
  4 draconian annihilators
  12 very ugly things
  13 quicksilver oozes
  A quicksilver ooze (shapeshifter) (Depths:3)
  2 broodmothers
  The ghost of Pobapin the Markskobold, an adept KoHu of Hepliaklqana (Shoals:2)
  7 ironbound thunderhulks
  6 vampire knights
  19 stone giants
  4 formless jellyfish
  6 green draconians
  2 black draconians
  6 deep elf demonologists
  6 deep elf annihilators (Elf:3)
  11 deep elf death magi
  6 white draconians
  5 dire elephants
  12 spark wasps
  7 red draconians
  7 war gargoyles
  Azrael (D:12)
  A minotaur (Gauntlet)
  4 purple draconians
  6 yellow draconians
  6 eidola (Crypt:3)
  Snorg (D:14)
  18 ettins
  8 fire dragons
  A crystal guardian (Vaults:4)
  A green death (D:15)
  Josephine (D:12)
  11 merfolk javelineers
  15 merfolk impalers
  9 deep elf high priests
  Fannar (Lair:2)
  10 yaktaur captains
  3 spriggan air magi
  An elf zombie (Crypt:3)
  2 entropy weavers
  The ghost of epsilonplus the Fighter, a journeyman AtDe of Ru (D:11)
  3 merfolk avatars
  A juggernaut simulacrum (Abyss:4)
  34 vault guards
  4 great orbs of eyes
  A fenstrider witch zombie (Crypt:3)
  3 peacekeepers
  3 hydras
  4 rakshasas
  A catoblepas (Lair:4)
  2 jorogumos (Spider:2)
  6 ogre magi
  An alligator (Zot:3)
  7 boulder beetles
  17 ice dragons
  A spriggan zombie (Abyss:3)
  2 hell beasts
  2 radroaches
  9 merfolk aquamancers
  Erica (Lair:2)
  3 anacondas (Depths:3)
  33 dancing weapons
  5 ironbound frosthearts
  3 death knights
  A two-headed ogre (shapeshifter) (Vaults:1)
  9 centaur warriors
  7 vampire magi
  9 deep troll earth magi
  21 two-headed ogres
  2 satyrs
  2 death yaks (Shoals:4)
  Urug (Lair:4)
  3 tengu warriors
  7 demonic crawlers
  4 orc high priests
  A hell hog (Lair:5)
  7 deep troll shamans
  6 spriggan berserkers
  6 thrashing horrors
  A holy swine (Shoals:4)
  7 soul eaters
  A storm dragon zombie (Crypt:3)
  Nergalle (D:12)
  2 skysharks (shapeshifter)
  19 hell knights
  15 deep elf knights
  An occultist (Depths:2)
  3 sixfirhies
  A sun demon (Depths:2)
  5 pharaoh ants
  11 skysharks
  Amaemon (Lair:2)
  A salamander mystic (D:15)
  7 sea snakes
  A shadow wraith (Vaults:5)
  A death drake (shapeshifter) (Vaults:1)
  5 flayed ghosts
  22 skeletal warriors
  2 wretched stars
  9 glowing orange brains
  5 orb spiders
  2 spriggan druids (Depths:3)
  A bunyip zombie (Crypt:3)
  A sun moth (Spider:2)
  3 cherubim (Shoals:4)
  46 deep trolls
  2 orb spiders (shapeshifter)
  13 iron trolls
  Lodul (D:14)
  A quicksilver dragon simulacrum (Crypt:2)
  The ghost of MysticSailboat the Jinx, a novice DrCj of Hepliaklqana (D:9)
  A bunyip skeleton (Crypt:3)
  6 lindwurms
  5 arcanists
  2 orange crystal statues
  22 deep elf zephyrmancers
  A swamp dragon (Abyss:4)
  Pikel (D:9)
  6 steelbarb worms
  4 orc knights
  6 starcursed masses (Abyss:4)
  13 deep elf archers
  8 harpies
  15 ironbound convokers
  14 necromancers
  22 phantasmal warriors
  27 deep elf pyromancers
  9 large abominations
  5 orc sorcerers
  15 fauns
  24 ugly things
  19 wolf spiders
  11 manticores
  3 meliai (Spider:2)
  A shining eye (shapeshifter) (D:15)
  5 shining eyes
  Maurice (D:12)
  An elephant (shapeshifter) (Depths:2)
  2 worldbinders
  9 cyclopes
  A centaur zombie (Crypt:3)
  2 naga zombies (Crypt:3)
  25 moths of wrath
  8 elephants
  6 black mambas
  2 ice statues (Spider:3)
  Joseph (D:11)
  An iron dragon skeleton (Abyss:3)
  2 kobold blastminers (Orc:2)
  2 toenail golems (D:11)
  4 smoke demons
  8 merfolk sirens
  9 water nymphs
  4 centaur skeletons (Crypt:3)
  A stone giant skeleton (Crypt:3)
  20 vault sentinels
  2 orange demons
  10 cane toads
  2 gargoyles
  A torpor snail (shapeshifter) (Vaults:5)
  5 eyes of devastation
  A pale draconian zombie (Crypt:2)
  Maggie (Lair:2)
  8 storm dragon simulacra (IceCv)
  A kobold demonologist (D:10)
  5 komodo dragons
  A rime drake (shapeshifter) (D:15)
  6 torpor snails
  A dire elephant skeleton (Crypt:2)
  An alligator snapping turtle skeleton (Crypt:1)
  28 yaktaurs
  3 efreet
  4 tengu conjurers
  2 rime drakes (Lair:3)
  2 tormentors (Abyss:3)
  11 freezing wraiths
  2 guardian mummies (Crypt:3)
  3 golden dragon simulacra (IceCv)
  Psyche (D:9)
  16 trolls
  A red draconian skeleton (Crypt:2)
  4 harpy zombies
  A red devil (Depths:3)
  10 polar bears
  3 wind drakes
  44 merfolk
  2 hornets
  13 hellwings
  11 raiju
  2 blink frogs (shapeshifter)
  3 glass eyes
  27 tarantellas
  Prince Ribbit (D:9)
  14 blink frogs
  A glass eye (shapeshifter) (Vaults:5)
  A harpy skeleton (Crypt:3)
  9 snapping turtles
  4 dream sheep
  A spriggan (Depths:3)
  Sigmund (D:2)
  24 jumping spiders
  18 water elementals
  10 wraiths
  4 air elementals
  50 yaks
  106 slime creatures
  19 culicivoras
  5 shadows
  6 ynoxinuls
  An ushabti (Crypt:3)
  3 vampires
  4 wyverns
  Eustachio (D:5)
  2 fire bats (Abyss:4)
  8 fire elementals
  A warg (shapeshifter) (D:14)
  7 golden eyes
  7 basilisks
  58 redbacks
  5 neqoxecs (Abyss:3)
  2 redbacks (shapeshifter)
  Grum (Lair:1)
  11 wargs
  7 vampire mosquitoes
  6 chaos spawn
  5 swamp worms (D:14)
  7 small abominations (Abyss:3)
  5 acid dragons
  14 water moccasins
  22 orc warriors
  2 naga skeletons (Crypt:3)
  18 hell hounds
  A water nymph skeleton (Crypt:1)
  2 ice beasts
  A sky beast (Abyss:4)
  15 black bears
  5 ice dragon simulacra (IceCv)
  17 centaurs
  17 laughing skulls
  38 ogres
  31 wolves
  4 boggarts (Vaults:4)
  A phantom (D:4)
  3 weeping skulls (Abyss:3)
  2 lemures (D:9)
  5 kobold brigands
  A brain worm (Sewer)
  13 bullfrogs
  3 earth elementals
  A necrophage (Crypt:2)
  A gnoll sergeant (D:11)
  5 scorpions
  6 wyvern skeletons (Crypt:3)
  8 wights
  A cyclops skeleton (Crypt:2)
  3 killer bees (D:9)
  A raiju zombie (Crypt:1)
  A water moccasin skeleton (Crypt:1)
  5 lindwurm simulacra (IceCv)
  4 howler monkeys
  5 electric eels (D:14)
  A crimson imp (Abyss:3)
  A wolf zombie (Crypt:1)
  4 bombardier beetles
  A quasit (Abyss:2)
  5 hounds
  3 jellies (Lair:5)
  15 orc priests
  Crazy Yiuf (D:2)
  3 gnoll boudas
  A black bear skeleton (Crypt:1)
  An iguana (shapeshifter) (D:12)
  4 iguanas
  22 orc wizards
  2 sleepcaps
  A boggart simulacrum (D:14)
  Robin (D:2)
  9 mummies
  A killer bee simulacrum (D:9)
  12 adders
  12 gnolls
  2 river rats (Sewer)
  2 shadow imps
  2 white imps
  A howler monkey simulacrum (D:10)
  5 ufetubi
  3 worms
  2 dart slugs (D:3)
  67 orcs
  5 endoplasms
  4 giant cockroaches
  11 goblins
  7 hobgoblins
  A jackal (Sewer)
  18 kobolds
  4 quokkas
  9 ball pythons
  11 bats
  5 frilled lizards
  2 gnoll zombies (Ossuary)
  4 kobold zombies (Ossuary)
  2 orc zombies (Ossuary)
  3 rats
  A river rat skeleton (Crypt:2)
  6 aspiring fleshes
  A fire vortex (Zot:5)
  A lurking horror (Abyss:3)
  3 starspawn tentacles
  2 tentacles (Shoals:1)
2539 creatures vanquished.

Vanquished Creatures (collateral kills)
  2 golden dragons
  A starcursed mass (Abyss:3)
  A tentacled monstrosity (Zot:2)
  4 Orb Guardians
  An acid blob (Vaults:2)
  A tengu reaver (Crypt:1)
  A frost giant (Vaults:5)
  A vault warden (Vaults:4)
  A stone giant (Vaults:5)
  A reaper (D:4)
  3 very ugly things
  A red draconian (Zot:2)
  A yellow draconian (Zot:5)
  A fire dragon (Depths:2)
  A vault guard (Vaults:4)
  A yaktaur captain (Vaults:4)
  A hydra (D:15)
  An Orb Guardian zombie (Crypt:2)
  A merfolk aquamancer (Shoals:4)
  A catoblepas (Depths:3)
  2 skeletal warriors (Crypt:1)
  A titan skeleton (Crypt:3)
  A deep troll (Depths:4)
  2 phantasmal warriors (Crypt:3)
  A harpy (Depths:3)
  A large abomination (Abyss:3)
  A rime drake (Lair:2)
  A yaktaur (Vaults:5)
  A harpy zombie (Crypt:3)
  A raiju (Abyss:3)
  A hellwing (Crypt:3)
  A moth of wrath zombie (Crypt:2)
  A harpy skeleton (Crypt:2)
  A tyrant leech zombie (Crypt:2)
  A golden eye (Slime:2)
  A small abomination (Abyss:3)
  A wyvern skeleton (Crypt:3)
45 creatures vanquished.

Vanquished Creatures (others)
  3 fire bats (Abyss:4)
  2 chaos spawn (Abyss:4)
  A quokka (Depths:2)
  664 fire vortices
  13 starspawn tentacles
  2 tentacles (Shoals:1)
685 creatures vanquished.

Grand Total: 3269 creatures vanquished

Notes
Turn   | Place    | Note
-------+----------+-------------------------------------------
     0 | D:1      | RepHenryClay the Deep Elf Alchemist began the quest for the
                  | Orb.
     0 | D:1      | Reached XP level 1. HP: 10/10 MP: 6/6
   204 | D:1      | Found Wojeod's Jewellery Shop.
   593 | D:1      | Reached XP level 2. HP: 15/15 MP: 6/8
  1197 | D:2      | Reached XP level 3. HP: 19/19 MP: 7/9
  1199 | D:2      | Noticed Sigmund
  1261 | D:2      | Noticed Robin
  1556 | D:3      | Found an ancient bone altar of Kikubaaqudgha.
  1564 | D:3      | Learned a level 2 spell: Mercury Vapours
  1575 | D:3      | Reached XP level 4. HP: 24/24 MP: 6/10
  2285 | D:3      | Found a faded altar of an unknown god.
  2483 | D:3      | Learned a level 3 spell: Mephitic Cloud
  2491 | D:4      | Reached XP level 5. HP: 28/28 MP: 7/11
  2641 | D:4      | Noticed a black bear
  2660 | D:4      | Killed a black bear
  2661 | D:4      | Reached skill level 5 in Conjurations
  2661 | D:4      | Reached skill level 5 in Alchemy
  2801 | D:4      | Reached XP level 6. HP: 26/32 MP: 6/12
  3445 | D:4      | Reached XP level 7. HP: 34/36 MP: 9/13
  4001 | D:5      | Entered Level 5 of the Dungeon
  4091 | D:5      | Found Bata's Neck Hole.
  4232 | D:5      | Noticed Eustachio
  4270 | D:4      | Learned a level 4 spell: Olgreb's Toxic Radiance
  4318 | D:5      | Killed Eustachio
  4617 | D:5      | Found a staircase to the Ecumenical Temple.
  4715 | D:5      | Reached skill level 5 in Dodging
  4833 | D:5      | Reached XP level 8. HP: 41/41 MP: 9/14
  5058 | Temple   | Entered the Ecumenical Temple
  5065 | Temple   | Became a worshipper of Vehumet
  5262 | D:6      | Found a sand-covered staircase.
  5347 | D:6      | Found a glowing drain.
  5351 | Sewer    | Entered a sewer
  5567 | Sewer    | Reached skill level 5 in Spellcasting
  5572 | Sewer    | Learned a level 4 spell: Sticky Flame
  5708 | Sewer    | Reached skill level 1 in Fire Magic
  5798 | Ossuary  | Entered an ossuary
  5835 | Ossuary  | Reached * piety under Vehumet
  5835 | Ossuary  | Offered knowledge of Freeze by Vehumet.
  6611 | D:6      | Found a burning altar of Makhleb.
  6614 | D:6      | Identified the +0 robe of the Platytaur {rPois Int-4 SInv
                  | Archmagi}
  6757 | D:6      | Identified the +5 falchion of Faheaquf {holy, *Rage rPois
                  | Int+4 SInv}
  7405 | D:7      | Found a basalt altar of Yredelemnul.
  7765 | D:7      | Reached skill level 5 in Stealth
  7929 | D:8      | Reached XP level 9. HP: 45/45 MP: 13/18
  8101 | D:8      | Identified a scroll of acquirement
  8102 | D:8      | HP: 2/45 [wyvern (14)]
  8287 | D:8      | Reached ** piety under Vehumet
  8287 | D:8      | Offered knowledge of Static Discharge by Vehumet.
  8443 | D:8      | Found a staircase to the Lair.
  8617 | D:8      | Acquired 519 gold pieces
  8727 | D:8      | Noticed a two-headed ogre
  8759 | D:8      | Killed a two-headed ogre
  9165 | Lair:1   | Entered Level 1 of the Lair of Beasts
  9186 | Lair:1   | Noticed a cane toad
  9196 | Lair:1   | Killed a cane toad
  9225 | Lair:1   | Reached XP level 10. HP: 32/50 MP: 10/19
  9284 | Lair:1   | Noticed a cane toad
  9316 | Lair:1   | Found a dark tunnel.
  9321 | Volcano  | Entered a volcano
  9327 | Volcano  | Noticed a two-headed ogre
  9344 | Volcano  | Killed a two-headed ogre
  9345 | Volcano  | Reached skill level 10 in Alchemy
  9358 | Volcano  | Noticed an ogre mage
  9377 | Volcano  | Killed an ogre mage
  9378 | Volcano  | Reached skill level 10 in Dodging
  9466 | Volcano  | Noticed a two-headed ogre
  9466 | Volcano  | Noticed a two-headed ogre
  9467 | Volcano  | Found a burning altar of Makhleb.
  9467 | Volcano  | Noticed a two-headed ogre
  9469 | Volcano  | Noticed a two-headed ogre
  9470 | Volcano  | Noticed a two-headed ogre
  9475 | Volcano  | Killed a two-headed ogre
  9480 | Volcano  | Killed a two-headed ogre
  9484 | Volcano  | Killed a two-headed ogre
  9489 | Volcano  | Killed a two-headed ogre
  9549 | Volcano  | Noticed a hell knight
  9587 | Volcano  | Killed a hell knight
  9588 | Volcano  | Reached XP level 11. HP: 33/54 MP: 7/20
  9611 | Volcano  | Killed a two-headed ogre
 10535 | Lair:1   | Noticed a five-headed hydra
 10639 | Lair:1   | Learned a level 2 spell: Static Discharge
 10731 | Lair:1   | Offered knowledge of Frozen Ramparts by Vehumet.
 10732 | Lair:1   | Reached skill level 5 in Air Magic
 10905 | Lair:1   | Noticed Grum
 10912 | Lair:1   | Killed Grum
 11482 | Lair:2   | Reached skill level 15 in Dodging
 11619 | D:9      | Noticed Prince Ribbit
 11632 | D:9      | Killed Prince Ribbit
 11703 | D:9      | Noticed a two-headed ogre
 11711 | D:9      | Killed a two-headed ogre
 11839 | D:9      | Noticed MysticSailboat's ghost (novice DrCj)
 11844 | D:9      | Found a runed translucent gate.
 11844 | D:9      | Found a runed translucent gate.
 11844 | D:9      | Found a runed translucent gate.
 11992 | D:9      | Noticed a deep elf pyromancer
 12011 | D:9      | Reached *** piety under Vehumet
 12012 | D:9      | Reached XP level 12. HP: 54/59 MP: 10/21
 12081 | D:9      | Noticed Pikel
 12088 | D:9      | Killed Pikel
 12301 | D:9      | Reached skill level 10 in Conjurations
 13074 | D:9      | Noticed Psyche
 13085 | D:9      | Killed Psyche
 13340 | D:10     | Entered Level 10 of the Dungeon
 13361 | D:10     | Noticed a two-headed ogre
 13370 | D:10     | Offered knowledge of Iskenderun's Mystic Blast by Vehumet.
 13371 | D:10     | Killed a two-headed ogre
 13384 | D:9      | Learned a level 4 spell: Iskenderun's Mystic Blast
 13479 | D:10     | Noticed a two-headed ogre
 13493 | D:10     | Killed a two-headed ogre
 14170 | D:10     | Found a staircase to the Orcish Mines.
 14181 | D:10     | Reached **** piety under Vehumet
 14341 | D:10     | Offered knowledge of Volatile Blastmotes by Vehumet.
 14671 | D:10     | Reached skill level 5 in Translocations
 14967 | Orc:1    | Entered Level 1 of the Orcish Mines
 15463 | Orc:1    | Learned a level 4 spell: Ignite Poison
 15615 | Orc:1    | Found Apaitimi's General Store.
 15624 | Orc:1    | Reached ***** piety under Vehumet
 15744 | Orc:1    | Bought a scroll of identify for 22 gold pieces
 15744 | Orc:1    | Bought a scroll of revelation for 82 gold pieces
 15744 | Orc:1    | Bought a potion of heal wounds for 55 gold pieces
 15762 | Orc:1    | Offered knowledge of Iskenderun's Battlesphere by Vehumet.
 16049 | Orc:2    | Entered Level 2 of the Orcish Mines
 16232 | Orc:2    | Noticed a two-headed ogre
 16244 | Orc:2    | Killed a two-headed ogre
 16350 | Orc:2    | Learned a level 5 spell: Iskenderun's Battlesphere
 16351 | Orc:2    | Noticed a two-headed ogre
 16542 | Orc:2    | Noticed a two-headed ogre
 16544 | Orc:2    | Noticed a two-headed ogre
 16546 | Orc:2    | Noticed a two-headed ogre
 16547 | Orc:2    | Noticed an ogre mage
 16552 | Orc:2    | Killed a two-headed ogre
 16553 | Orc:2    | Reached XP level 13. HP: 40/63 MP: 7/27
 16715 | Orc:1    | Upgraded the game from 0.31-a0-1405-g2bb1a01664 to
                  | 0.31-a0-1424-g2add1c7226
 17001 | Orc:2    | Found a staircase to the Elven Halls.
 17094 | Orc:2    | Found Rudoss's Magic Scroll Shop.
 17095 | Orc:2    | Found Leinuuga's Distillery.
 17100 | Orc:2    | Found Pairill's Antique Weapon Shoppe.
 17209 | Orc:2    | Found Qutugus's Antique Armour Shop.
 17728 | Orc:2    | Bought a scroll of acquirement for 780 gold pieces
 17728 | Orc:2    | Acquired the +1 helmet "Ocilej" {Regen+}
 17875 | Lair:2   | Identified the +4 ring mail of the Unbroken {rC+}
 17971 | Lair:2   | Noticed Amaemon
 17977 | Lair:2   | Killed Amaemon
 18225 | Lair:2   | Noticed Fannar
 18422 | Orc:2    | Bought a potion of invisibility for 104 gold pieces
 18422 | Orc:2    | Bought a potion of curing for 39 gold pieces
 18422 | Orc:2    | Bought a potion of curing for 39 gold pieces
 18422 | Orc:2    | Bought a potion of curing for 39 gold pieces
 18422 | Orc:2    | Bought a potion of curing for 39 gold pieces
 18552 | Lair:2   | Identified the +0 chain mail "Nirown" {rPois Int+5}
 18566 | Lair:2   | Found a hole to the Spider Nest.
 18566 | Lair:2   | Noticed Maggie
 18573 | Lair:2   | Killed Maggie
 18573 | Lair:2   | Offered knowledge of Airstrike by Vehumet.
 18601 | Lair:2   | Killed Fannar
 18713 | Lair:2   | Noticed Erica
 18719 | Lair:2   | Killed Erica
 18908 | Lair:2   | Found a staircase to the Shoals.
 19439 | Lair:3   | Reached XP level 14. HP: 68/68 MP: 12/28
 19454 | Lair:3   | Reached skill level 15 in Conjurations
 20800 | Lair:4   | Noticed Urug
 20806 | Lair:4   | Killed Urug
 20833 | Lair:4   | Noticed Rupert
 21050 | Lair:4   | Killed Rupert
 21183 | Lair:4   | Reached skill level 10 in Spellcasting
 21189 | Lair:4   | Learned a level 5 spell: Freezing Cloud
 21343 | Lair:4   | Offered knowledge of Spellforged Servitor by Vehumet.
 21666 | D:5      | Bought a scarf of repulsion for 180 gold pieces
 21666 | D:5      | Bought an amulet of the acrobat for 450 gold pieces
 21826 | Orc:2    | Bought a cloak for 126 gold pieces
 21826 | Orc:2    | Bought a buckler for 126 gold pieces
 22342 | Lair:5   | Entered Level 5 of the Lair of Beasts
 22350 | Lair:5   | Reached skill level 1 in Shields
 23234 | Lair:5   | Found a staircase to the Slime Pits.
 23234 | Lair:5   | Found a viscous altar of Jiyva.
 23874 | Lair:5   | Reached skill level 5 in Shields
 24597 | D:2      | Offered knowledge of Ozocubu's Refrigeration by Vehumet.
 24603 | D:2      | Killed Sigmund
 24635 | D:2      | Killed Robin
 24958 | D:2      | Found a runed translucent door.
 24959 | D:2      | Noticed Crazy Yiuf
 25133 | D:2      | Killed Crazy Yiuf
 25134 | D:2      | Reached XP level 15. HP: 68/72 MP: 25/33
 25435 | D:11     | Found a transporter.
 25542 | D:11     | Reached skill level 1 in Short Blades
 25690 | D:11     | Noticed Joseph
 25705 | D:11     | Killed Joseph
 25927 | D:11     | Found a transporter.
 25938 | D:11     | Found a one-way gate to the infinite horrors of the Abyss.
 25938 | D:11     | Noticed epsilonplus's ghost (journeyman AtDe)
 26146 | D:11     | Killed epsilonplus's ghost
 26368 | D:12     | Noticed Nergalle
 26368 | D:12     | Found a gate leading to a gauntlet.
 26373 | Gauntlet | Entered a Gauntlet
 26373 | Gauntlet | Found a large runed translucent door.
 26373 | Gauntlet | Found a large runed translucent door.
 26373 | Gauntlet | Found a large runed translucent door.
 26373 | Gauntlet | Found a large runed translucent door.
 26373 | Gauntlet | Found a runed translucent door.
 26373 | Gauntlet | Found a large runed translucent door.
 26373 | Gauntlet | Found a large runed translucent door.
 26373 | Gauntlet | Found a transporter.
 26373 | Gauntlet | Found a transporter.
 26373 | Gauntlet | Found a large runed translucent door.
 26373 | Gauntlet | Found a large runed translucent door.
 26373 | Gauntlet | Found a runed translucent gate.
 26373 | Gauntlet | Found a runed translucent gate.
 26373 | Gauntlet | Found a transporter.
 26377 | Gauntlet | Found a transporter.
 26377 | Gauntlet | Found a transporter.
 26377 | Gauntlet | Found a transporter.
 26387 | Gauntlet | Found a transporter.
 26391 | Gauntlet | Found a transporter.
 26403 | Gauntlet | Found a transporter.
 26475 | Gauntlet | Found a runed translucent door.
 26476 | Gauntlet | Found a large runed translucent door.
 26476 | Gauntlet | Found a large runed translucent door.
 26476 | Gauntlet | Found a large runed translucent door.
 26476 | Gauntlet | Found a large runed translucent door.
 26477 | Gauntlet | Found a large runed translucent door.
 26477 | Gauntlet | Found a large runed translucent door.
 26478 | Gauntlet | Found a large runed translucent door.
 26478 | Gauntlet | Found a large runed translucent door.
 26487 | Gauntlet | Found a runed translucent gate.
 26503 | Gauntlet | Found a transporter.
 26507 | Gauntlet | Found a transporter.
 26523 | Gauntlet | Found a transporter.
 26674 | Gauntlet | Learned a level 2 spell: Blink
 26723 | Gauntlet | Identified the +3 hat "Pumonk" {Int+4}
 26778 | Gauntlet | Identified the +7 whip of the Pits of Slime {protect, rF+}
 26793 | Gauntlet | Reached skill level 5 in Short Blades
 26932 | Gauntlet | Got the Precepts of Alteration
 27036 | D:12     | Killed Nergalle
 27081 | D:12     | Noticed Maurice
 27094 | D:12     | Killed Maurice
 27282 | D:12     | Noticed Azrael
 27288 | D:12     | Killed Azrael
 27289 | D:12     | Reached skill level 1 in Fighting
 27559 | D:12     | Noticed Josephine
 27568 | D:12     | Killed Josephine
 27653 | D:12     | Found Miuf's Antique Armour Shop.
 27797 | D:12     | Noticed Frances
 27808 | D:12     | Killed Frances
 27808 | D:12     | Offered knowledge of Arcjolt by Vehumet.
 27992 | D:12     | Found a large runed translucent door.
 27993 | D:12     | Found a large runed translucent door.
 28080 | D:12     | Found a large runed translucent door.
 28080 | D:12     | Found a large runed translucent door.
 28285 | D:12     | Found the +12 glaive of Prune {freeze, Prune}
 28588 | D:13     | Acquired a staff of conjuration
 28689 | D:13     | Reached skill level 5 in Fighting
 29640 | D:14     | Noticed Snorg
 29648 | D:14     | Killed Snorg
 29665 | D:14     | Noticed Lodul
 29673 | D:14     | Killed Lodul
 30199 | D:14     | Found a transporter.
 30227 | D:14     | Found a transporter.
 30257 | D:14     | Found Efietti Pena's Weapon Emporium.
 30900 | D:14     | Offered knowledge of Lee's Rapid Deconstruction by Vehumet.
 31154 | D:14     | Found a gate to the Vaults.
 31204 | D:14     | Found a sacrificial altar of Ru.
 31432 | D:14     | Reached XP level 16. HP: 87/87 MP: 23/34
 31698 | D:14     | Identified the +0 cloak of the Ecumenical Temple {-Tele
                  | Harm rN+ Will+}
 31852 | D:15     | Entered Level 15 of the Dungeon
 32568 | D:15     | Found the +8 Wrath of Trog {antimagic, *Rage Rampage}
 32712 | D:15     | Learned a level 5 spell: Fireball
 32914 | Spider:1 | Entered Level 1 of the Spider Nest
 33997 | Spider:2 | Offered knowledge of Plasma Beam by Vehumet.
 34871 | Spider:2 | Reached skill level 15 in Spellcasting
 34881 | Spider:2 | Learned a level 7 spell: Orb of Destruction
 35757 | Spider:3 | Learned a level 6 spell: Plasma Beam
 35803 | Spider:3 | Found a frozen archway.
 35906 | IceCv    | Entered an ice cave
 36491 | IceCv    | Got the Handbook of Hoarfrost and Direction
 36556 | IceCv    | Reached skill level 5 in Fire Magic
 36664 | IceCv    | Noticed a golden dragon
 36677 | IceCv    | Killed a golden dragon
 36815 | IceCv    | Identified the amulet of Deranun {rElec Regen+ rCorr Str-5
                  | Stlth+}
 36839 | IceCv    | Identified the ring "Atomouf" {rElec MP+9 Str-5 Int+2
                  | Slay+4}
 37472 | Spider:3 | Reached XP level 17. HP: 92/92 MP: 33/38
 38510 | Spider:4 | Entered Level 4 of the Spider Nest
 39386 | Spider:4 | Identified the +1 pair of gloves of Xedaim {rCorr}
 40568 | Spider:4 | Got a gossamer rune of Zot
 40572 | Spider:4 | Reached XP level 18. HP: 96/96 MP: 39/39
 40786 | Shoals:1 | Entered Level 1 of the Shoals
 40889 | Shoals:1 | Noticed Mlioglotl
 41292 | Shoals:1 | Noticed a bone dragon
 41293 | Shoals:1 | Killed Mlioglotl
 41613 | Shoals:1 | Found Plog's Distillery.
 41622 | Shoals:1 | Bought a potion of curing for 42 gold pieces
 41622 | Shoals:1 | Bought a potion of brilliance for 56 gold pieces
 41668 | Shoals:1 | Bought 2 potions of ambrosia for 224 gold pieces
 42601 | Shoals:2 | Identified the staff "Ucwic" {rPois rN+ MP-9 Dex+6 Necro}
 43200 | Shoals:2 | Found a runed translucent door.
 43202 | Shoals:2 | Reached ****** piety under Vehumet
 43247 | Shoals:2 | Found a shimmering altar of Xom.
 43247 | Shoals:2 | Noticed Pobapin's ghost (adept KoHu)
 43886 | Shoals:2 | Offered knowledge of Fire Storm by Vehumet.
 43886 | Shoals:2 | Offered knowledge of Shatter by Vehumet.
 43886 | Shoals:2 | Offered knowledge of Polar Vortex by Vehumet.
 44056 | Shoals:3 | Reached XP level 19. HP: 70/100 MP: 40/40
 44332 | Shoals:3 | Identified the +5 long sword "Fyuth" {drain, +Blink rN+
                  | Will+}
 44840 | Shoals:3 | Reached skill level 10 in Fire Magic
 45192 | Shoals:4 | Entered Level 4 of the Shoals
 46044 | Shoals:4 | HP: 4/100 [merfolk javelineer/silver javelin (17)]
 46583 | Vaults:1 | Entered Level 1 of the Vaults
 47379 | Vaults:1 | Noticed Zenata
 47384 | Vaults:1 | Killed Zenata
 47591 | Vaults:1 | Learned a level 9 spell: Fire Storm
 49520 | Vaults:2 | Found a transporter.
 49532 | Vaults:2 | Found a transporter.
 50028 | Vaults:2 | Noticed Saint Roka
 50034 | Vaults:2 | Killed Saint Roka
 50035 | Vaults:2 | Noticed Asterion
 50037 | Vaults:2 | Killed Asterion
 50219 | Vaults:2 | Found a runed translucent gate.
 50219 | Vaults:2 | Found a runed translucent gate.
 50219 | Vaults:2 | Found a runed translucent gate.
 50219 | Vaults:2 | Noticed Zissick's ghost (adept MiBr)
 51438 | Vaults:2 | Reached skill level 15 in Fire Magic
 51438 | Vaults:2 | Reached XP level 20. HP: 86/106 MP: 13/43
 51934 | Vaults:2 | Found a viscous altar of Jiyva.
 53879 | Vaults:3 | Found a staircase to the Crypt.
 54658 | Vaults:4 | Paralysed by a formless jellyfish for 1 turns
 55590 | Vaults:4 | Found a runed translucent door.
 55590 | Vaults:4 | Noticed SuperJoe's ghost (legendary KoHu)
 55706 | Vaults:4 | Identified the ring "Laenis" {Fire rPois}
 56567 | Vaults:4 | Identified the +4 helmet of Taduviu {rElec Int+3 Stlth+}
 56675 | Vaults:4 | Killed SuperJoe's ghost
 56816 | Vaults:4 | Identified the ring "Fyefriola" {rN+ Int+4 Stlth+}
 57005 | Vaults:2 | Killed Zissick's ghost
 57557 | D:9      | Killed MysticSailboat's ghost
 57946 | Elf:1    | Entered Level 1 of the Elven Halls
 57970 | Elf:1    | Reached XP level 21. HP: 110/110 MP: 44/44
 58069 | Elf:1    | Identified the serpent talisman of Refuge {rF+ Dex+4
                  | Slay-3}
 58069 | Elf:1    | Noticed Aizul
 58073 | Elf:1    | Killed Aizul
 58928 | Elf:1    | Found Yfuusoum's Assorted Antiques.
 60408 | Elf:2    | Found a runed translucent gate.
 60408 | Elf:2    | Found a runed translucent gate.
 60408 | Elf:2    | Found a runed translucent gate.
 62111 | Elf:3    | Entered Level 3 of the Elven Halls
 62549 | Elf:3    | Identified the +5 ring mail of the Seven Ziggurats {rElec
                  | Dex+2 Stlth-}
 63944 | Elf:3    | Identified the staff of Eternal War {+Blink rC+ Will- Str+2
                  | Tloc Ice}
 64025 | Elf:3    | Identified the +6 war axe "Wutria" {flame, Int+3 Dex+4}
 64040 | Elf:3    | Identified the amulet of Hoge {Acrobat Str+2}
 64055 | Elf:3    | Identified the +7 long sword "Raqugesm" {freeze, rF+}
 64067 | Elf:3    | Identified the +0 scimitar of Feecheloch {speed, rElec
                  | rPois rC+}
 64451 | Shoals:4 | Reached XP level 22. HP: 111/115 MP: 45/45
 64828 | Shoals:4 | Identified the amulet "Teruiw Kuta" {Spirit Rampage
                  | *Corrode +Inv Stlth+}
 64885 | Shoals:4 | Found a glowing silver altar of Zin.
 64895 | Shoals:4 | Identified the +0 helmet of Snakes and Ladders {rC+}
 64904 | Shoals:4 | Got a barnacled rune of Zot
 65237 | Shoals:4 | Found a glowing golden altar of the Shining One.
 65251 | Shoals:4 | Got the Tome of the Translocational Valley
 65287 | Shoals:4 | Found a white marble altar of Elyvilon.
 65299 | Shoals:4 | Identified the staff of Recklessness {+Blink rF++ rN+ Str-5
                  | Necro Air}
 65614 | D:15     | Noticed Agnes
 65615 | D:15     | Killed Agnes
 65809 | D:15     | Found a staircase to the Depths.
 66024 | Depths:1 | Entered Level 1 of the Depths
 66353 | Depths:1 | Found a portal to a secret trove of treasure.
 67043 | Depths:1 | Found a one-way gate leading to the halls of Pandemonium.
 67386 | Depths:1 | Found a gateway to Hell.
 68837 | Depths:2 | Found a white marble altar of Elyvilon.
 68882 | Depths:2 | Found a one-way gateway to a ziggurat.
 68887 | Depths:2 | Reached skill level 1 in Evocations
 68948 | Depths:2 | Noticed a juggernaut
 68951 | Depths:2 | Killed a juggernaut
 68952 | Depths:2 | Reached skill level 1 in Staves
 70508 | Depths:3 | Noticed a caustic shrike
 70512 | Depths:3 | Killed a caustic shrike
 70513 | Depths:3 | Reached XP level 23. HP: 120/120 MP: 15/46
 71544 | Depths:4 | Entered Level 4 of the Depths
 72108 | Depths:4 | Noticed a caustic shrike
 72109 | Depths:4 | Noticed a caustic shrike
 72110 | Depths:4 | Noticed a caustic shrike
 72600 | Depths:4 | Noticed a caustic shrike
 72602 | Depths:4 | Killed a caustic shrike
 72602 | Depths:4 | Killed a caustic shrike
 72603 | Depths:4 | Killed a caustic shrike
 72609 | Depths:4 | Killed a caustic shrike
 72725 | Depths:4 | Reached skill level 5 in Evocations
 73159 | Depths:4 | Reached skill level 5 in Staves
 73289 | Depths:4 | Found a gate to the Realm of Zot.
 73759 | Depths:3 | Found a shimmering blue altar of Sif Muna.
 75026 | Depths:4 | Found a gate to the Realm of Zot.
 75392 | Depths:4 | Upgraded the game from 0.31-a0-1424-g2add1c7226 to
                  | 0.31-a0-1447-g87ca8d402b
 75395 | Depths:4 | Learned a level 2 spell: Sublimation of Blood
 75781 | Crypt:1  | Entered Level 1 of the Crypt
 75791 | Crypt:1  | Reached skill level 1 in Necromancy
 76014 | Crypt:1  | Noticed Vv
 76171 | Crypt:1  | Killed Vv
 76470 | Crypt:1  | Reached skill level 5 in Necromancy
 76639 | Crypt:1  | Noticed Sojobo
 76988 | Crypt:1  | Killed Sojobo
 79569 | Crypt:2  | Reached XP level 24. HP: 114/124 MP: 6/46
 79845 | Crypt:2  | Found an ancient bone altar of Kikubaaqudgha.
 80142 | Crypt:3  | Entered Level 3 of the Crypt
 81188 | Crypt:3  | Noticed Bai Suzhen
 81190 | Crypt:3  | Killed Bai Suzhen
 81324 | Crypt:3  | Reached skill level 10 in Staves
 81528 | Crypt:3  | Noticed a royal mummy
 81531 | Crypt:3  | Killed a royal mummy
 81713 | Crypt:3  | Found a staircase to the Tomb.
 81787 | Crypt:3  | Identified the +3 robe of Poehoytsom {*Corrode Int+2 Dex+7
                  | SInv}
 82181 | Crypt:3  | Found an ancient bone altar of Kikubaaqudgha.
 82316 | Crypt:3  | Found the +7 hand cannon "Mule" {flame, backblast, rF+}
 82330 | Crypt:3  | Noticed a dread lich
 82336 | Crypt:3  | Killed a dread lich
 82508 | Crypt:3  | Identified the +0 trident "Ocufus" {antimagic, rElec rPois
                  | Will+ Dex-4}
 82557 | Crypt:3  | Got Khufu's Book of Dark Acts
 82571 | Crypt:3  | Identified the ring "Hukhlong" {MP+9 Str+6}
 83091 | Crypt:3  | Identified the +3 leather armour "Bihid" {Harm Slay-3 SInv
                  | Stlth+}
 83385 | Crypt:3  | Found an ancient bone altar of Kikubaaqudgha.
 83643 | Crypt:3  | Found a staircase to the Tomb.
 84458 | Depths:1 | Voluntarily entered the Abyss.
 84466 | Abyss:2  | Found a corrupted altar of Lugonu.
 84579 | Abyss:2  | Found a corrupted altar of Lugonu.
 85042 | Abyss:3  | Reached skill level 10 in Stealth
 85177 | Abyss:3  | Found a corrupted altar of Lugonu.
 85179 | Depths:1 | Escaped the Abyss
 85237 | Depths:1 | Voluntarily entered the Abyss.
 85782 | Abyss:4  | Found a corrupted altar of Lugonu.
 85783 | Abyss:4  | Found a corrupted altar of Lugonu.
 85824 | Abyss:4  | Found a corrupted altar of Lugonu.
 85825 | Abyss:4  | Found a corrupted altar of Lugonu.
 85908 | Abyss:4  | Got an abyssal rune of Zot
 85951 | Depths:1 | Escaped the Abyss
 85980 | Depths:1 | You showed the abyssal rune of Zot to enter a treasure
                  | trove
 85981 | Trove    | Entered a treasure trove
 85986 | Trove    | Identified the amulet of Racathoc {Reflect rN+ SH+5}
 85998 | Trove    | Identified the amulet of Alejan {Spirit rN++ Stlth-}
 86003 | Trove    | Identified the ring of Qeruj {rElec rN+++ MP+9 Str-5 SInv}
 86005 | Trove    | Identified the ring of the Feeding Gods {rPois rN+++ Str-4
                  | Dex-4 SInv}
 86056 | Depths:1 | Learned a level 8 spell: Ignition
 86292 | Vaults:5 | Entered Level 5 of the Vaults
 86294 | Vaults:5 | Reached XP level 25. HP: 128/128 MP: 46/46
 86391 | Vaults:5 | Noticed an ancient lich
 86394 | Vaults:5 | Killed an ancient lich
 87321 | Vaults:5 | Acquired the ring "Ruyr" {rN+ rCorr Str+3}
 87354 | Vaults:5 | Identified the +7 spear of the Old World {flame, Str+3}
 87404 | Vaults:5 | Found Puydonwu's Magic Scroll Shop.
 87409 | Vaults:5 | Bought a scroll of revelation for 120 gold pieces
 87409 | Vaults:5 | Bought a scroll of blinking for 120 gold pieces
 87409 | Vaults:5 | Bought a scroll of teleportation for 48 gold pieces
 87409 | Vaults:5 | Bought a scroll of revelation for 120 gold pieces
 87691 | Vaults:5 | Got a silver rune of Zot
 87692 | Vaults:5 | Identified the staff of Dust {Int+4 Conj Alchemy}
 87715 | Vaults:5 | Identified the ring "Woaf Qott" {rC+ MP+9 Stlth+}
 87745 | Vaults:5 | Got the Information on Lamentation
 87758 | Vaults:5 | Identified the +5 mace "Spiderbane" {flame, Str+6}
 87924 | Vaults:5 | Identified the ring "Atau" {rN+ Str+6 Stlth+}
 88123 | Vaults:5 | Found Honnumo's Distillery.
 88128 | Vaults:5 | Bought a potion of heal wounds for 65 gold pieces
 88128 | Vaults:5 | Bought a potion of heal wounds for 65 gold pieces
 88128 | Vaults:5 | Bought a potion of heal wounds for 65 gold pieces
 88153 | Vaults:5 | Found Pydaetoamm's Magic Scroll Shoppe.
 88158 | Vaults:5 | Bought a scroll of enchant armour for 135 gold pieces
 88158 | Vaults:5 | Bought a scroll of enchant armour for 135 gold pieces
 88158 | Vaults:5 | Bought a scroll of summoning for 171 gold pieces
 88209 | Vaults:5 | Got the Omnibus of Malediction and the Tektite
 88388 | Vaults:5 | Identified the +2 longbow "Neanopugg" {drain, rPois rF+ rC-
                  | Dex+3}
 88523 | Vaults:5 | Identified the amulet "Miytetu Baga" {Reflect rF+ Str+2
                  | SH+5 Stlth+}
 88965 | Slime:1  | Entered Level 1 of the Pits of Slime
 90919 | Slime:5  | Entered Level 5 of the Pits of Slime
 90919 | Slime:5  | Found the +7 Throatcutter {drain, coup de grace}
 91091 | Slime:5  | Reached XP level 26. HP: 134/134 MP: 46/46
 91305 | Slime:5  | Noticed the Royal Jelly
 91317 | Slime:5  | Killed the Royal Jelly
 91784 | Slime:5  | Identified the +5 spear of Miefirche {freeze, ^Fragile
                  | +Blink rC++ rCorr}
 91859 | Slime:5  | Identified the +2 spear of Putrescence {vamp, rElec rPois
                  | Stlth+}
 91866 | Slime:5  | Got a slimy rune of Zot
 91880 | Slime:5  | Identified the staff "Ariyhadai" {Str+6 Dex+3 Earth}
 91882 | Slime:5  | Identified the +10 mace of the Ghost {freeze, rF+ Str-3
                  | Stlth+}
 91885 | Slime:5  | Identified the ring "Ikuteel" {rElec EV+5 Str-4 Dex+3}
 91913 | Slime:5  | Identified the +0 scale mail of Springtime {Str+3}
 91937 | Slime:5  | Identified the +7 scimitar of Deekk {elec, +Blink Fly
                  | Str+2}
 92523 | Shoals:2 | Killed Pobapin's ghost
 93368 | Zot:1    | Entered Level 1 of the Realm of Zot
 93375 | Zot:1    | Identified the +5 quarterstaff of the Ancients {flame, rF+
                  | rN+ Str+2}
 93484 | Zot:1    | Found a transporter.
 93524 | Zot:1    | Found a transporter.
 93609 | Zot:1    | Found a transporter.
 93666 | Zot:1    | Found a transporter.
 93755 | Zot:1    | Found a transporter.
 93759 | Zot:1    | Found a transporter.
 93804 | Zot:1    | Learned a level 8 spell: Lehudib's Crystal Spear
 95517 | Zot:2    | Reached skill level 10 in Shields
 96385 | Zot:2    | Reached skill level 10 in Fighting
 96385 | Zot:2    | Reached skill level 1 in Earth Magic
 98073 | Zot:4    | Reached skill level 5 in Earth Magic
 98836 | Elf:1    | Bought a wand of digging (3) for 478 gold pieces
100584 | Zot:5    | Entered Level 5 of the Realm of Zot
101469 | Zot:5    | Noticed a dread lich
101470 | Zot:5    | Noticed an ancient lich
101472 | Zot:5    | Killed a dread lich
101473 | Zot:5    | Reached skill level 10 in Earth Magic
101473 | Zot:5    | Reached XP level 27. HP: 157/157 MP: 31/46
101474 | Zot:5    | Killed an ancient lich
101950 | Zot:5    | Noticed an orb of fire
101952 | Zot:5    | Noticed an orb of fire
101956 | Zot:5    | Killed an orb of fire
101958 | Zot:5    | Killed an orb of fire
101959 | Zot:5    | Noticed an orb of fire
101963 | Zot:5    | Noticed an orb of fire
101964 | Zot:5    | Killed an orb of fire
102135 | Zot:5    | Noticed a dread lich
102137 | Zot:5    | Killed a dread lich
102140 | Zot:5    | Noticed a dread lich
102142 | Zot:5    | Killed a dread lich
102174 | Zot:5    | Noticed an ancient lich
102175 | Zot:5    | Killed an ancient lich
102176 | Zot:5    | Killed an ancient lich
102192 | Zot:5    | Killed an orb of fire
102401 | Zot:5    | Noticed a dread lich
102403 | Zot:5    | Killed a dread lich
102670 | Zot:5    | Noticed a dread lich
102672 | Zot:5    | Killed a dread lich
103212 | Zot:5    | Reached skill level 27 in Conjurations
104564 | Zot:5    | Got the Orb of Zot
105218 | D:1      | Reached skill level 27 in Dodging
105225 | D:$      | Escaped with the Orb!

Illustrated notes

Levels and vault maps discovered:
D:1:      lightli_arrival_statuegarden, layout_loops_ring, serial_shops,
          nicolae_shop_peninsula
D:2:      layout_rooms, kennysheep_generic_room_9, uniq_sigmund,
          uniq_crazy_yiuf_cottage, uniq_robin
D:3:      layout_loops_cross, mainiacjoe_overflow_concentric_impassable,
          dreamdust_ecumenical_altar_hidden_monk_grotto
D:4:      layout_basic
D:5:      layout_basic, minmay_temple_entry_poolview,
          nicolae_shop_sticking_my_neck_out, uniq_eustachio
D:6:      layout_basic, overflow_temple_1_default,
          mainiacjoe_sewer_entry_somewhere_in_here_2, nicolae_ossuary_entry_giza
D:7:      layout_basic, old_standard_altar
D:8:      layout_basic, lair_entry_dummy
D:9:      layout_basic, gammafunk_ghost_split, minmay_pinched_square,
          uniq_pikel, uniq_psyche, uniq_prince_ribbit1
D:10:     layout_long_grid, hiddenorc2_lemuel, serial_ice, serial_ice_e,
          serial_ice_m, serial_ice_c, serial_ice_a
D:11:     layout_roguey, gammafunk_ghost_abyssal_escape,
          minmay_sticks_and_stones
D:12:     layout_loops_cross, gauntlet_entry_generic, serial_shops, shop,
          minmay_hollow_rounded_squares, uniq_maurice, uniq_frances,
          uniq_azrael, uniq_josephine, uniq_nergalle
D:13:     layout_cave_pods, minmay_diced_spiral
D:14:     gammafunk_worm_tunnel, layout_basic, hellmonk_vaults_order_and_chaos,
          nicolae_ru_path_of_blood, kennysheep_windowed_goal, uniq_snorg,
          uniq_lodul
D:15:     hangedman_depths_entry_try_elsewhere_first, layout_loops_ring,
          minmay_guarded_unrand_wrath_of_trog, uniq_agnes
Temple:   hellmonk_temple_of_storms
Lair:1:   cheibrodos_lair_river_kwai, layout_concentric_octagons,
          enter_volcano_4, uniq_grum
Lair:2:   layout_misc_corridors, minmay_shoals_entry_hut,
          spider_nest_entry_webs, lemuel_fruit_tree, uniq_amaemon, uniq_erica,
          uniq_fannar, uniq_maggie
Lair:3:   layout_loops_ring
Lair:4:   layout_misc_corridors, wad_woods_road_03,
          chequers_serial_rivers_room_a, uniq_urug, uniq_rupert
Lair:5:   hangedman_lair_caniforms_friends, layout_small_grid,
          minmay_slime_entry_pillars, st_stairs_7
Shoals:1: layout_shoals, serial_shops, shop, uniq_mlioglotl
Shoals:2: cheibrodos_shoals_oceanic_diplomacy, layout_shoals, ebering_ghost_xom
Shoals:3: layout_shoals, nicolae_splish_splash
Shoals:4: shoals_end_hellmonk_holy_island
Spider:1: layout_spider_delve
Spider:2: layout_spider_delve, nicolae_spider_wall_of_niches
Spider:3: layout_chambers, portal_ice_cave_entry_ice_statue_two
Spider:4: grunt_spider_rune_parallel
Slime:1:  cheibrodos_slime_lost_civilization_1, layout_caves
Slime:2:  cheibrodos_slime_lost_civilization_8, layout_caves
Slime:3:  layout_caves, nicolae_slime_barrier
Slime:4:  layout_caves
Slime:5:  slime_pit_nicolae_jellycorners
Orc:1:    layout_diamond_mine, serial_shops, nicolae_shop_behind_doors
Orc:2:    st_orc_open, layout_caves, kennysheep_orc_chapel
Elf:1:    layout_geoelf_octagon, serial_shops, shop, hangedman_corner_corridor,
          uniq_aizul
Elf:2:    nicolae_elf_blades_splatter_lattice [nicolae_blade_lattice],
          layout_geoelf_octagon, minivault_26, minmay_misc_feat_diagonals
Elf:3:    minmay_elf_hall_four_x, layout_gridlike, serial_co_window_serial,
          co_window_of_opportunity_a, co_window_cross_1, co_window_cross_1,
          co_window_paths_b, co_window_corner_a, co_window_of_opportunity_a,
          co_window_corner_a, co_window_cross_4, co_window_paths_c,
          co_window_corner_b, co_window_4corner_b, glass_columns_c,
          glass_columns_a, glass_columns_a, glass_columns_b
Vaults:1: nicolae_vaults_little_squares_2, v_pattern_2,
          vaults_mumra_minichess_inversion, nicolae_vaults_closet_pinwheel_4,
          nicolae_vaults_disjoint_gnomons, nicolae_vaults_trapezoid_lopsided_2,
          nicolae_vaults_storage_closets_3, v_alt_pattern_6,
          vaults_room_stairs_pillars, nicolae_vaults_loss_of_containment,
          nicolae_vaults_tetromino_L_2, nicolae_vaults_tetromino_T_1,
          nicolae_vaults_diamond_1, layout_vaults_maze_snakey, uniq_zenata
Vaults:2: gammafunk_ghost_ooze, v_rooms_1, gammafunk_sealed_arena,
          nicolae_vaults_offset_grid_hallway_1, nicolae_vaults_specimen_jars,
          hangedman_vaults_maws, nicolae_vaults_tetromino_T_1,
          vaults_room_door_ring, nicolae_vaults_closet_pinwheel_4,
          nicolae_vaults_heist, nicolae_vaults_trapezoid_2,
          layout_vaults_quadrants, uniq_asterion, uniq_saint_roka
Vaults:3: nicolae_vaults_little_squares_4, ontoclasm_vaults_gallery,
          nicolae_vaults_trapezoid_lopsided_3, minmay_crypt_entry_simple_plaza,
          nicolae_vaults_diagonal_hallway_9, vaults_mumra_minichess,
          nicolae_vaults_little_squares_1, nicolae_vaults_little_ls,
          nicolae_vaults_network_quinsquares
          [nicolae_vaults_network_quincunx_subvault,
          nicolae_vaults_network_quincunx_subvault,
          nicolae_vaults_network_quincunx_subvault,
          nicolae_vaults_network_quincunx_subvault], nicolae_vaults_prndl,
          nicolae_vaults_sightless_eye, layout_vaults_big_cross
Vaults:4: gammafunk_ghost_grave, hangedman_vaults_pinch,
          ontoclasm_vaults_decontamination, v_misc_1,
          hangedman_vaults_restitches, nicolae_vaults_security_offices_6,
          nicolae_vaults_double_plus_2, vaults_room_grid,
          grunt_vaults_hallway_long, nicolae_vaults_storage_room_statues,
          v_misc_8, nicolae_vaults_rhombus_6, vaults_standard_mumra_x,
          layout_vaults_big_room
Vaults:5: serial_shops, uniq_margery
Crypt:1:  layout_chaotic_city, uniq_vv, uniq_sojobo
Crypt:2:  layout_chaotic_city, basic_altar, wad_floor_pattern_untrapped
Crypt:3:  evilmike_haunted_forest, uniq_grunn, uniq_bai_suzhen
Depths:1: layout_gridlike, enter_trove_1, abyss_entry, grunt_metal_band,
          pan_entry, nrook_pool_corridor, kennysheep_generic_room_11
Depths:2: minmay_box_of_statues, layout_gridlike, enter_ziggurat_d,
          rand_demon_pan_entry_5, hell_entry, elyvilon_altar_4,
          grunt_megastairs_1, infiniplex_staircase_pool_1
Depths:3: hangedman_hanging_gardens, layout_honeycomb, pan_entry, hell_entry,
          abyss_entry, hellmonk_sif_muna_bookshelves
Depths:4: evilmike_zot_entry_diamond, layout_honeycomb, serial_sigils,
          serial_sigils_hangedman_gut, serial_sigils_hangedman_gut,
          serial_sigils_hangedman_scratch, serial_sigils_hangedman_clutch,
          serial_sigils_hangedman_scar, nicolae_titane, pf_hell_entry_tar_river
Zot:1:    layout_gridlike, serial_nicolae_subway, nicolae_sub_station_crystal,
          nicolae_sub_station_metal, nicolae_sub_station_stone,
          grunt_megastairs_2
Zot:2:    layout_gridlike
Zot:3:    layout_cathedral_of_symmetry, bh_zot_ikea_curve,
          regret_index_zotdec_decaying_vile
Zot:4:    layout_concentric_octagons, regret_index_zotdec_tunneler,
          skrybe_zot_glass_3
Zot:5:    layout_misc_corridors, regret_index_zotdec_zees

Skill      XL: |  1  2  3  4  5  6  7  8  9 10 11 12 13 14 15 16 17 18 19 20 21 22 23 24 25 26 27 |
---------------+----------------------------------------------------------------------------------+-----
Conjurations   | 2 3 4 5 6 7 8 9 11 14 15 16 17 20 21 22 23 24 25 27 | 27.0
Alchemy        | 4 5 6 7 8 9 11 | 11.0
Dodging        | 5 7 9 12 15 16 18 19 23 24 26 27 | 27.0
Spellcasting   | 5 8 12 15 17 | 17.0
Fire Magic     | 3 7 8 15 20 23 24 25 | 25.7
Stealth        | 5 6 12 | 12.0
Air Magic      | 3 5 |  5.0
Translocations | 5 |  5.0
Shields        | 5 6 10 | 10.0
Short Blades   | 6 |  6.0
Fighting       | 5 12 13 | 13.0
Evocations     | 3 5 6 |  6.0
Staves         | 3 7 12 | 12.0
Necromancy     | 8 |  8.0
Earth Magic    | 10 12 | 12.0

Action                     |  1- 3 |  4- 6 |  7- 9 | 10-12 | 13-15 | 16-18 | 19-21 | 22-24 | 25-27 || total
---------------------------+-------+-------+-------+-------+-------+-------+-------+-------+-------++-------
  Melee: Dagger            |     2 |    71 |     6 |       |    71 |    96 |     1 |       |       ||   247
         Punch             |       |     1 |       |     3 |       |     2 |       |       |       ||     6
         Rapier            |       |       |    94 |   170 |    23 |       |       |       |       ||   287
         Staff             |       |       |       |       |       |       |    66 |   436 |    45 ||   547
   Cast: Sting             |    57 |    68 |   179 |   200 |   524 |   393 |    57 |       |       ||  1478
         Mercury Vapours   |       |     2 |       |    11 |       |       |       |       |       ||    13
         Mephitic Cloud    |       |     2 |    14 |    38 |    36 |     2 |     1 |       |       ||    93
         Olgreb's Toxic Ra |       |       |    10 |    39 |    44 |    29 |     5 |       |       ||   127
         Sticky Flame      |       |       |    18 |    39 |    16 |       |       |       |       ||    73
         Static Discharge  |       |       |       |    27 |     9 |     6 |       |       |       ||    42
         Iskenderun's Myst |       |       |       |    12 |    84 |    61 |    34 |    79 |    49 ||   319
         Ignite Poison     |       |       |       |     3 |    26 |     5 |     3 |       |       ||    37
         Iskenderun's Batt |       |       |       |     1 |   124 |    87 |    68 |       |       ||   280
         Freezing Cloud    |       |       |       |       |    24 |    18 |     1 |     1 |       ||    44
         Blink             |       |       |       |       |     3 |     2 |     5 |     5 |     5 ||    20
         Fireball          |       |       |       |       |       |    87 |   269 |    22 |    10 ||   388
         Orb of Destructio |       |       |       |       |       |    57 |    25 |    30 |     6 ||   118
         Plasma Beam       |       |       |       |       |       |       |    62 |     6 |     2 ||    70
         Fire Storm        |       |       |       |       |       |       |   149 |   403 |   361 ||   913
         Sublimation of Bl |       |       |       |       |       |       |       |    17 |    15 ||    32
         Ignition          |       |       |       |       |       |       |       |     1 |    23 ||    24
         Lehudib's Crystal |       |       |       |       |       |       |       |       |     5 ||     5
  Evoke: Wand              |       |       |       |     7 |     3 |     5 |     2 |     7 |     1 ||    25
    Use: Potion            |       |     5 |     1 |     3 |     4 |     5 |     7 |     2 |    10 ||    37
         Scroll            |       |       |    17 |     4 |    13 |     7 |    16 |     5 |     3 ||    65
   Stab: Confused          |       |     2 |     1 |     5 |       |       |       |       |       ||     8
         Sleeping          |       |       |     2 |     3 |     7 |     4 |       |       |       ||    16
         Invisible         |       |       |       |       |       |     1 |       |       |       ||     1
         Distracted        |       |       |       |       |       |       |       |     5 |       ||     5
 Armour: Robe              |    20 |    53 |    12 |     2 |       |       |       |       |       ||    87
         Leather armour    |       |       |    98 |   173 |   121 |   191 |   139 |   178 |    86 ||   986
         Skin              |       |       |       |    17 |       |       |       |       |       ||    17
  Dodge: Dodged            |    17 |    60 |   154 |   338 |   259 |   419 |   183 |   449 |   132 ||  2011
         Repelled          |       |       |       |       |     1 |       |       |       |       ||     1
  Block: Buckler           |       |       |       |       |    73 |    63 |    10 |   153 |    52 ||   351
         Reflection        |       |       |       |       |       |       |       |       |     2 ||     2

Table legend: (Time is in decaauts)
 A = Elapsed time spent in this place.
 B = Non-inter-level travel time spent in this place.
 C = Inter-level travel time spent in this place.
 D = Time resting spent in this place.
 E = Time spent auto-exploring this place.
 F = Levels seen in this place.
 G = Mean time per level.
                   A        B        C        D        E       F      G
               +--------+--------+--------+--------+--------+-----+--------+
         Total | 105700 |  91483 |  14217 |  19793 |  57305 |  67 | 1577.6 |
       Dungeon |  23711 |  19050 |   4661 |   3205 |  12794 |  15 | 1580.7 |
        Temple |     14 |      8 |      6 |      0 |      0 |   1 |   14.0 |
          Lair |   9157 |   7894 |   1263 |   1673 |   4934 |   5 | 1831.4 |
        Shoals |   6792 |   6236 |    556 |   2397 |   2963 |   4 | 1698.0 |
   Spider Nest |   6648 |   6049 |    599 |   1085 |   3965 |   4 | 1662.0 |
    Slime Pits |   3375 |   3202 |    173 |   1248 |   1651 |   5 |  675.0 |
  Orcish Mines |   3348 |   2785 |    563 |    790 |   1491 |   2 | 1674.0 |
   Elven Halls |   6374 |   5340 |   1034 |    597 |   4076 |   3 | 2124.7 |
        Vaults |  14538 |  12492 |   2046 |   2578 |   8271 |   5 | 2907.6 |
         Crypt |   6652 |   6182 |    470 |   1048 |   4324 |   3 | 2217.3 |
        Depths |  10286 |   8723 |   1563 |   1386 |   6332 |   4 | 2571.5 |
           Zot |  10484 |   9206 |   1278 |   2872 |   5501 |   5 | 2096.8 |
         Abyss |   1355 |   1355 |      0 |    120 |     56 |   5 |  271.0 |
         Trove |     39 |     39 |      0 |      0 |      2 |   1 |   39.0 |
         Sewer |    444 |    444 |      0 |     86 |      0 |   1 |  444.0 |
       Ossuary |    377 |    377 |      0 |     71 |    138 |   1 |  377.0 |
      Ice Cave |    979 |    979 |      0 |    382 |    385 |   1 |  979.0 |
       Volcano |    470 |    470 |      0 |    130 |    138 |   1 |  470.0 |
      Gauntlet |    650 |    650 |      0 |    125 |    282 |   1 |  650.0 |
               +--------+--------+--------+--------+--------+-----+--------+

Top non-repeatable levels by time:
 Crypt:3: 3835 daAuts
Vaults:3: 3802 daAuts
Vaults:4: 3380 daAuts
Vaults:1: 3315 daAuts
Depths:3: 3129 daAuts
   Zot:5: 2948 daAuts
    D:14: 2824 daAuts
Depths:4: 2802 daAuts
Vaults:2: 2682 daAuts
Shoals:3: 2405 daAuts
   Elf:2: 2405 daAuts
  Lair:1: 2355 daAuts
Depths:2: 2335 daAuts
     D:9: 2323 daAuts
Spider:3: 2307 daAuts
